 Dungeon Crawl Stone Soup version 0.17.1-2-g5865329 (webtiles) character file.

66 Moresty the Ruffian (level 3, 0/36 HPs)
             Began as a Troll Berserker on Jan 11, 2016.
             Was a Believer of Trog.
             Slain by an orc
             ... wielding a +0 hand axe
              (2 damage)
             ... on level 3 of the Dungeon.
             The game lasted 00:04:41 (1628 turns).

Moresty the Ruffian (Troll Berserker)               Turns: 1628, Time: 00:04:44

Health: 0/36       AC:  6    Str: 26    XL:     3   Next: 96%
Magic:  2/2        EV: 10    Int:  3    God:    Trog [**....]
Gold:   149        SH:  0    Dex:  9    Spells: 0 memorised, 2 levels left

rFire  . . .     SeeInvis .       - Unarmed
rCold  + . .     Clarity  .     a - +0 animal skin
rNeg   . . .     SustAt   .     (no shield)
rPois  .         Gourm    +     (helmet restricted)
rElec  .         Spirit   .     (no cloak)
rCorr  .         Warding  .     (gloves unavailable)
rMut   .         Stasis   .     (boots unavailable)
MR     .....                    (no amulet)
Stlth  +.........               p - +1 ring of protection
                                e - ring of protection from cold

@: not resistant to hostile enchantments, very unstealthy
A: unfitting armour, claws 3, fast metabolism 3, gourmand, regeneration 2,
shaggy fur 1, tough skin 2
a: Berserk, Trog's Hand, Burn Spellbooks, Renounce Religion


You were on level 3 of the Dungeon.
You worshipped Trog.
Trog was pleased with you.
You were completely stuffed.

You visited 1 branch of the dungeon, and saw 3 of its levels.

You collected 149 gold pieces.

Inventory:

Armour
 a - a +0 animal skin (worn)
Jewellery
 d - an uncursed amulet of the gourmand {unknown}
 e - a ring of protection from cold (left claw)
 g - an uncursed ring of sustain attributes
 p - a +1 ring of protection (right claw)
Scrolls
 c - 2 scrolls of identify {unknown}
 f - 2 scrolls of blinking {unknown}
 l - a scroll of remove curse {unknown}
 m - 2 scrolls of teleportation {unknown}
Potions
 h - 5 potions of curing {unknown}
 i - a potion of cure mutation {unknown}
 k - 2 potions of poison {unknown}
 n - a potion of heal wounds {unknown}
 q - a potion of cancellation {unknown}
Books
 j - a book of Maledictions

   Spells                             Type                      Level
   a - Corona                         Hexes                        1
   b - Ensorcelled Hibernation        Hexes/Ice                    2
   c - Confuse                        Hexes                        3
   d - Tukima's Dance                 Hexes                        3
   e - Dazzling Spray                 Conjuration/Hexes            3
   Trog disapproves of the use of such an item.
Comestibles
 b - 4 bread rations
 o - 8 chunks of flesh


   Skills:
 + Level 2.8 Fighting
 + Level 2.9 Dodging
 * Level 4.0 Unarmed Combat


You had 2 spell levels left.
You didn't know any spells.

Dungeon Overview and Level Annotations

Branches:
Dungeon (3/15)

Altars:
Trog

Annotations:
D:3 HerzogEisenfaust's ghost, amateur TrBe


Innate Abilities, Weirdness & Mutations

You are too large for most types of armour.
You have claws for hands.
Your metabolism is lightning-fast.
You like to eat raw meat.
You heal very quickly.
You are covered in fur (AC +1).
You have very tough skin (AC +2).


Message History

The orc hits you with a flail.
The giant newt bites you but does no damage.
You barely miss the orc. Your claw misses the orc.
The orc hits you but does no damage. The orc completely misses you.
The giant newt bites you but does no damage.
The orc hits you with a flail.
You claw the orc!
You kill the orc!
Trog accepts your kill. The orc hits you but does no damage.
The giant newt closely misses you.
You barely miss HerzogEisenfaust's ghost.
The orc hits you but does no damage. HerzogEisenfaust's ghost hits you.
The orc closely misses you. The giant newt barely misses you.
You barely miss HerzogEisenfaust's ghost.
The orc hits you with a flail. HerzogEisenfaust's ghost hits you!
* * * LOW HITPOINT WARNING * * *
The giant newt bites you.
* * * LOW HITPOINT WARNING * * *
The orc hits you with a hand axe.
You die...

..............[..#
..............###
..>.............##
#..............###
###................#
####...................
#......................
##......................
......<@o...............
###...lWo..........#....
#<..>...........##....
#............#####....
##....?...#### #....
..........# ##...
#$.....(...# ####
#..........#


You could see HerzogEisenfaust's ghost, 2 orcs and a giant newt.

Vanquished Creatures
  2 adders
  An ooze (D:2)
  2 giant geckos
  4 orcs (D:3)
  4 giant cockroaches
  3 hobgoblins (D:1)
  4 jackals (D:3)
  2 quokkas (D:2)
  4 bats
  3 goblins
  A kobold (D:2)
  6 rats
36 creatures vanquished.

Notes
Turn   | Place    | Note
--------------------------------------------------------------
     0 | D:1      | Moresty the Troll Berserker began the quest for the Orb.
     0 | D:1      | Reached XP level 1. HP: 22/22 MP: 0/0
   485 | D:1      | Reached XP level 2. HP: 29/29 MP: 1/1
   674 | D:2      | Found a bloodstained altar of Trog.
   998 | D:2      | Reached ** piety under Trog
  1175 | D:2      | Reached XP level 3. HP: 33/36 MP: 2/2
  1618 | D:3      | Noticed HerzogEisenfaust's ghost (amateur TrBe)
  1619 | D:3      | Reached skill level 4 in Unarmed Combat
  1628 | D:3      | Slain by an orc

Action                   || total
-------------------------++-------
Melee: Unarmed           ||    85
 Stab: Sleeping          ||     1
  Eat: Chunk             ||    20
